 Dungeon Crawl Stone Soup version 0.31-b1-22-gc680215f68 (webtiles) character file.

Game seed: 7077388204211780609

253 HakonGodeson the Covered (level 6, -2/47 HPs)
             Began as a Human Fighter on Jan 19, 2024.
             Slain by a water moccasin (5 damage)
             ... on level 5 of the Dungeon.
             The game lasted 00:05:15 (1289 turns).

HakonGodeson the Covered (Human Fighter)            Turns: 1289, Time: 00:05:15

Health: -2/47      AC:  7    Str: 16    XL:     6   Next: 14%
Magic:  6/6        EV:  9    Int: 10    God:
Gold:   150        SH:  0    Dex: 13    Spells: 5/5 levels left

rFire   . . .        a - +0 long sword
rCold   . . .        c - +0 buckler
rNeg    . . .        b - +0 scale mail
rPois   .            (no helmet)
rElec   .            (no cloak)
rCorr   .            (no gloves)
SInv    .            (no boots)
Will    +....        (no amulet) Stlth
                     (no ring)
HPRegen 0.27/turn    (no ring)
MPRegen 0.10/turn

%: no passive effects
@: confused, lethally poisoned (-2 -> -18), ambrosia-drunk, enlightened, flying
A: explore regen, hooves 1
a: no special abilities


You were on level 5 of the Dungeon.
You visited 1 branch of the dungeon, and saw 5 of its levels.

You collected 150 gold pieces.

Inventory:

Hand Weapons
 a - a +0 long sword (weapon)
Missiles
 f - 2 boomerangs (quivered)
Armour
 b - a +0 scale mail (worn)
 c - a +0 buckler (worn)
Talismans
 j - a beast talisman
Potions
 k - a potion of invisibility {unknown}


   Skills:
 * Level 3.5 Fighting
 * Level 3.3 Long Blades
 * Level 1.8 Throwing
 * Level 3.9 Armour
 * Level 1.2 Dodging
 * Level 1.8 Stealth
 * Level 3.5 Shields
 * Level 0.9 Shapeshifting


You had 5 spell levels left.
You didn't know any spells.
Your spell library contained the following spells:

 Spells                   Type           Power      Damage    Failure   Level
 Slow                     Hex            0%         N/A       86%         1


Dungeon Overview and Level Annotations

Branches:
Dungeon (5/15)
 Temple: D:4-7

Altars:
Ashenzari
Nemelex Xobeh
Okawaru
Ru
Trog


Innate Abilities, Weirdness & Mutations

You regain HP and MP as you explore.
You have large cloven feet.


Message History

You hear the slow hiss of a very distant avalanche of sand.
You block the water moccasin's attack. The water moccasin barely misses you.
You closely miss the water moccasin. Your kick misses the water moccasin.
The water moccasin is lightly wounded.
The water moccasin bites you.
You hit the water moccasin. Your kick misses the water moccasin.
The water moccasin is lightly wounded.
The water moccasin bites you.
You are poisoned.
The water moccasin poisons you! The water moccasin bites you.
You are more poisoned.
The water moccasin poisons you!
You barely miss the water moccasin.
The water moccasin is lightly wounded.
You feel very sick. The water moccasin barely misses you.
The water moccasin bites you.
You closely miss the water moccasin. You kick the water moccasin.
The water moccasin is moderately wounded.
You feel very sick. The water moccasin bites you.
You are more poisoned.
The water moccasin poisons you! The water moccasin bites you.
You are more poisoned.
The water moccasin poisons you!
It was a potion of enlightenment.
You feel very buoyant.
You fly up into the air.
* * * LOW HITPOINT WARNING * * *
You feel extremely sick. The water moccasin closely misses you.
Unknown command.
It was a potion of ambrosia.
You are confused.
You feel invigorated.
* * * LOW HITPOINT WARNING * * *
You feel very sick. The water moccasin bites you!
* * * LOW HITPOINT WARNING * * *
The water moccasin bites you.
You die...

...# #.#
#.# #.#.#
#.# #.#
#.# #.#
#.# #.#
#.#
#######.#
#<....S@#
#########


You could see a water moccasin.

Vanquished Creatures
  Sigmund (D:3)
  5 adders
  3 dart slugs
  3 ribbon worms
  An orc (D:4)
  A bat (D:2)
  3 endoplasms
  4 goblins
  A hobgoblin (D:2)
  A quokka (D:1)
  A ball python (D:3)
  A frilled lizard (D:2)
  4 kobolds
  2 rats
31 creatures vanquished.

Notes
Turn   | Place    | Note
-------+----------+-------------------------------------------
     0 | D:1      | HakonGodeson the Human Fighter began the quest for the Orb.
     0 | D:1      | Reached XP level 1. HP: 18/18 MP: 1/1
   280 | D:1      | Reached XP level 2. HP: 24/24 MP: 2/2
   346 | D:2      | Found a faded altar of an unknown god.
   364 | D:2      | Got Plato's Tome of the Sphinx
   460 | D:2      | Reached XP level 3. HP: 29/29 MP: 3/3
   615 | D:3      | Gained mutation: You have large cloven feet. [potion of
                  | mutation]
   725 | D:3      | Noticed Sigmund
   739 | D:3      | HP: 1/29 [Sigmund/magic dart (4)]
   742 | D:3      | Killed Sigmund
   743 | D:3      | Reached skill level 1 in Throwing
   743 | D:3      | Reached skill level 1 in Dodging
   743 | D:3      | Reached skill level 1 in Stealth
   743 | D:3      | Reached XP level 4. HP: 8/35 MP: 4/4
   743 | D:3      | Reached XP level 5. HP: 10/41 MP: 5/5
   886 | D:4      | Reached XP level 6. HP: 47/47 MP: 6/6
  1026 | D:4      | Found an iron altar of Okawaru.
  1043 | D:4      | Found a sacrificial altar of Ru.
  1044 | D:4      | Found a sparkling altar of Nemelex Xobeh.
  1044 | D:4      | Found a bloodstained altar of Trog.
  1051 | D:4      | Found a broken altar of Ashenzari.
  1237 | D:5      | Entered Level 5 of the Dungeon
  1281 | D:5      | Noticed a water moccasin
  1289 | D:5      | Slain by a water moccasin

Illustrated notes

Levels and vault maps discovered:
D:1:      dpeg_arrival_refuge, layout_loops_ring
D:2:      layout_basic, shapermc_ecumenical_altar_rom_forum
D:3:      minmay_roachtagon, layout_loops_ring, nicolae_goblin_pals,
          uniq_sigmund
D:4:      layout_loops_corners, general_overflow_altar,
          grunt_temple_overflow_open
D:5:      layout_basic, grunt_temple_overflow_gold_and_silver, temple_green,
          serial_shops, nicolae_shop_waterfront, enter_ossuary_3

Skill      XL: |  1  2  3 |
---------------+----------+-----
Long Blades    | 3 |  3.3
Throwing       | 1 |  1.8
Dodging        | 1 |  1.2
Stealth        | 1 |  1.8
Fighting       | |  3.5
Armour         | |  3.9
Shields        | |  3.5
Shapeshifting  | |  0.9

Action                     |  1- 3 |  4- 6 || total
---------------------------+-------+-------++-------
  Melee: Long sword        |    76 |    44 ||   120
         Kick              |     2 |     8 ||    10
  Throw: Boomerang         |    35 |     3 ||    38
    Use: Potion            |     4 |     2 ||     6
         Scroll            |     1 |     2 ||     3
 Armour: Scale mail        |    71 |    38 ||   109
  Dodge: Dodged            |    27 |    17 ||    44
  Block: Buckler           |    16 |    12 ||    28
